Map: Oxide LE

Players

MECHatron - Winner!

  • Race: Protoss Protoss
  • League: Diamond

chez

  • Race: Zerg Zerg
  • League: Diamond

VOD

Have the link to the VOD?

Description

Time

  • Played on: Sept. 19, 2021, 12:03 a.m.
  • Length: 30:42
Show
View Real Time Build Order
Export as new Build Order

MECHatron Protoss - Winner!

Build Orders:  

Get SALT Encoding   

  12  0:00  Probe (Chrono Boost)  
  13  0:11  Probe (Chrono Boost)  
  14  0:20  Probe  
  14  0:21  Pylon  
  15  0:39  Probe  
  16  0:43  Forge  
  16  0:50  Gateway  
  16  1:03  Probe  
  17  1:30  Pylon x2  
  17  1:32  Pylon  
  17  1:35  Probe  
  18  1:46  Pylon  
  18  1:50  Zealot  
  18  1:53  Assimilator  
  20  1:57  Assimilator  
  20  2:02  Probe  
  21  2:10  Photon Cannon  
  21  2:11  Photon Cannon  
  21  2:14  Photon Cannon  
  21  2:16  Gateway  
  21  2:27  Probe (Chrono Boost)  
  23  2:37  Probe (Chrono Boost)  
  23  2:42  Probe (Chrono Boost)  
  24  2:45  Zealot (Chrono Boost)  
  24  2:49  Photon Cannon  
  26  3:03  Pylon  
  26  3:06  Probe  
  29  3:14  Zealot (Chrono Boost)  
  29  3:26  Cybernetics Core  
  29  3:30  Pylon  
  29  3:53  Zealot (Chrono Boost)  
  25  4:13  Stargate  
  25  4:15  Cybernetics Core  
  25  4:16  Stargate  
  25  4:17  Stalker (Chrono Boost)  
  25  4:33  Pylon  
  25  4:40  Photon Cannon, Shield Battery  
  25  4:50  Void Ray (Chrono Boost)  
  23  4:53  Shield Battery  
  29  5:12  Pylon  
  29  5:15  Pylon  
  29  5:28  Pylon  
  29  5:29  Void Ray (Chrono Boost)  
  30  5:55  Pylon  
  30  6:07  Pylon, Void Ray (Chrono Boost)  
  34  6:34  Void Ray (Chrono Boost)  
  38  7:11  Void Ray  
  38  7:40  Nexus  
  38  7:42  Probe (Chrono Boost), Pylon  
  39  7:54  Void Ray  
  39  7:55  Pylon  
  39  8:00  Probe  
  44  8:08  Forge  
  44  8:12  Probe  
  45  8:17  Pylon  
  45  9:05  Oracle  
  45  9:07  Oracle  
  47  9:12  Photon Cannon  
  47  9:15  Photon Cannon  
  47  9:16  Photon Cannon  
  47  9:18  Shield Battery  
  47  9:22  Probe  
  48  9:51  Oracle  
  40  10:15  Probe  
  40  10:21  Oracle (Chrono Boost)  
  44  10:27  Probe  
  45  10:28  Oracle (Chrono Boost)  
  45  10:32  Pylon  
  48  10:39  Probe  
  49  10:43  Assimilator  
  49  10:54  Photon Cannon  
  49  11:07  Photon Cannon  
  49  11:12  Oracle  
  49  11:14  Probe  
  53  11:26  Probe  
  53  11:30  Oracle  
  57  11:41  Probe (Chrono Boost)  
  58  11:49  Assimilator  
  58  11:53  Probe (Chrono Boost)  
  58  11:54  Shield Battery  
  59  11:59  Probe (Chrono Boost)  
  60  12:06  Oracle  
  63  12:16  Oracle  
  66  12:38  Pylon  
  66  12:39  Probe (Chrono Boost)  
  66  12:43  Oracle  
  70  12:49  Probe (Chrono Boost)  
  71  12:53  Oracle  
  74  13:11  Probe  
  75  13:15  Pylon  
  72  13:20  Oracle  
  72  13:23  Probe  
  70  13:35  Probe  
  70  13:36  Oracle (Chrono Boost)  
  68  13:56  Oracle (Chrono Boost)  
  68  14:00  Probe  
  72  14:05  Nexus  
  72  14:10  Oracle (Chrono Boost)  
  72  14:27  Oracle  
  72  14:30  Probe (Chrono Boost)  
  76  14:34  Pylon  
  76  14:40  Oracle  
  76  14:42  Probe (Chrono Boost)  
  80  14:46  Pylon  
  80  14:57  Probe  
  81  15:03  Pylon  
  81  15:05  Gateway x2  
  81  15:10  Gateway  
  81  15:11  Gateway  
  81  15:18  Probe  
  82  15:31  Probe  
  83  15:43  Probe  
  84  15:55  Probe  
  72  15:58  Oracle x2  
  58  16:07  Probe  
  57  16:19  Stalker x4  
  57  16:22  Twilight Council  
  57  16:23  Probe  
  64  16:30  Probe  
  71  16:42  Probe  
  71  16:44  Robotics Facility  
  71  16:45  Pylon  
  66  16:50  Stalker (Chrono Boost)  
  66  16:51  Assimilator, Stalker x3 (Chrono Boost)  
  74  16:55  Probe, Assimilator  
  75  17:07  Probe, Blink (Chrono Boost)  
  76  17:11  Probe  
  77  17:20  Stalker (Chrono Boost)  
  79  17:24  Probe, Pylon  
  79  17:26  Stalker x3 (Chrono Boost)  
  79  17:29  Pylon  
  86  17:36  Robotics Bay  
  86  17:42  Pylon  
  86  17:47  Pylon  
  86  17:49  Photon Cannon  
  86  17:53  Immortal  
  86  17:54  Photon Cannon  
  86  18:04  Pylon  
  90  18:07  Pylon  
  90  18:09  Pylon  
  90  18:30  Observer (Chrono Boost)  
  90  18:33  Stalker x2  
  90  18:34  Stalker  
  97  18:42  Robotics Facility  
  97  18:46  Colossus (Chrono Boost)  
  103  18:52  Nexus  
  103  19:00  Extended Thermal Lance  
  103  19:07  Void Ray x2  
  111  19:23  Stalker  
  115  19:27  Colossus (Chrono Boost)  
  119  19:39  Pylon  
  119  19:43  Colossus (Chrono Boost)  
  119  19:44  Void Ray  
  129  20:08  Dark Shrine  
  129  20:14  Immortal  
  133  20:34  Immortal  
  137  20:54  Immortal  
  141  21:13  Stalker x2, Immortal  
  141  21:14  Stalker x2  
  153  21:33  Immortal  
  157  21:43  Stalker  
  159  21:53  Void Ray x2, Immortal  
  171  22:12  Immortal  
  159  22:30  Void Ray x2  
  159  22:31  Colossus  
  173  22:51  Colossus  
  165  23:07  Void Ray x2  
  148  23:25  Colossus  
  132  23:44  Colossus, Pylon, Void Ray x2  
  132  23:45  Assimilator  
  138  23:50  Assimilator  
  146  24:03  Dark Templar  
  146  24:04  Dark Templar  
  117  25:00  Dark Templar x3  
  117  25:01  Dark Templar  
  123  25:20  Observer  
  124  25:57  Shadow Stride  
  124  26:00  Cybernetics Core  
  118  26:27  Stalker  
  118  26:36  Stalker x3, Immortal x2 (Chrono Boost)  
  134  27:05  Nexus  
  134  27:07  Pylon  
  134  27:09  Pylon  
  134  27:18  Pylon  
  134  27:21  Pylon  
  134  27:22  Pylon  
  134  27:25  Immortal x2  
  134  27:26  Forge  
  138  28:04  Immortal  
  80  28:31  Stalker x4  
  88  28:44  Observer  
  88  28:48  Immortal  
  91  29:00  Assimilator, Stalker  
  91  29:01  Stalker x3  
  99  29:03  Assimilator  
  99  29:04  Photon Cannon  
  99  29:05  Observer  
  99  29:06  Photon Cannon x2  
  99  29:07  Photon Cannon  
  99  29:09  Photon Cannon  
  100  29:17  Shield Battery  
  100  29:20  Shield Battery  
  100  29:30  Stalker  
  102  29:36  Probe, Stargate  
  103  29:48  Probe  
  90  30:00  Probe  
  91  30:12  Probe  
  92  30:24  Probe  
Show
View Real Time Build Order
Export as new Build Order

chez Zerg 

Build Orders: Hatch First, Ravager All-In 

Get SALT Encoding   

  12  0:00  Drone  
  13  0:08  Drone  
  14  0:17  Overlord  
  14  0:35  Drone  
  14  0:36  Drone x2  
  17  0:53  Hatchery  
  16  1:01  Drone  
  17  1:08  Drone  
  18  1:18  Drone  
  19  1:23  Spawning Pool, Drone  
  19  1:24  Extractor  
  18  1:30  Drone  
  20  2:01  Drone  
  21  2:02  Overlord  
  21  2:05  Hatchery  
  21  2:07  Extractor  
  19  2:09  Queen  
  22  2:34  Drone x3  
  22  2:35  Extractor, Roach Warren  
  23  2:43  Metabolic Boost  
  23  2:49  Drone  
  24  2:57  Drone  
  25  3:16  Queen  
  25  3:18  Roach  
  29  3:24  Spine Crawler  
  28  3:28  Roach  
  31  3:36  Spine Crawler  
  31  3:39  Roach  
  32  3:50  Roach  
  34  4:08  Roach  
  36  4:11  Overlord x2  
  36  4:12  Overlord x2  
  36  4:16  Spine Crawler  
  35  4:19  Spine Crawler  
  35  4:20  Drone, Spine Crawler  
  36  4:24  Ravager x2  
  36  4:30  Ravager x3  
  39  4:37  Drone  
  40  4:38  Drone  
  38  5:08  Overlord  
  38  5:09  Overlord x5  
  38  5:18  Spine Crawler  
  38  5:21  Spore Crawler  
  24  5:47  Spore Crawler  
  24  5:56  Roach x3  
  30  5:58  Lair  
  30  6:08  Spore Crawler  
  30  6:26  Spore Crawler  
  28  6:34  Roach x5  
  38  6:46  Spore Crawler  
  36  7:22  Drone, Hydralisk Den  
  34  7:23  Drone x5  
  39  7:36  Queen  
  41  7:38  Drone  
  41  7:40  Hatchery  
  39  7:49  Spore Crawler  
  39  7:50  Spore Crawler  
  37  7:53  Extractor x2  
  35  8:09  Spore Crawler  
  35  8:10  Spore Crawler  
  35  8:11  Drone  
  35  8:12  Spore Crawler  
  33  8:25  Hydralisk  
  34  8:32  Hydralisk x3  
  41  8:40  Hydralisk  
  41  8:41  Hydralisk  
  45  8:49  Muscular Augments  
  45  9:28  Drone x2  
  45  9:30  Hatchery  
  42  9:59  Hydralisk x3  
  28  10:34  Hatchery  
  27  10:42  Drone x3  
  30  11:14  Grooved Spines  
  30  11:16  Drone  
  30  11:17  Drone x4  
  35  11:35  Drone  
  35  11:36  Drone x2  
  38  11:54  Drone x2  
  40  12:01  Drone x2  
  40  12:03  Drone  
  40  12:04  Drone x2  
  40  12:08  Drone  
  46  12:12  Hydralisk  
  46  12:30  Hydralisk  
  46  12:31  Hydralisk x5  
  58  12:41  Hydralisk  
  58  12:42  Hydralisk  
  56  13:06  Hydralisk x5  
  48  13:31  Hydralisk x6  
  56  13:46  Hydralisk x3  
  54  13:54  Hydralisk x2  
  58  14:02  Hydralisk x2  
  48  14:26  Hydralisk  
  48  14:27  Hydralisk x4  
  48  14:29  Hydralisk  
  60  14:39  Evolution Chamber, Hydralisk  
  61  14:51  Hydralisk x2  
  65  14:57  Hydralisk  
  67  15:02  Overlord  
  67  15:04  Zerg Missile Weapons Level 1  
  67  15:28  Queen  
  67  15:32  Hatchery  
  41  16:12  Lurker Den, Hatchery  
  41  16:17  Queen x2  
  43  16:23  Drone  
  43  16:24  Drone x5  
  49  16:39  Overlord x2  
  49  16:42  Overseer  
  49  16:48  Drone x2  
  49  16:50  Drone x2  
  49  16:51  Drone  
  54  17:02  Zerg Missile Weapons Level 2  
  54  17:07  Zergling x2  
  55  17:10  Drone  
  55  17:11  Drone x2  
  58  17:27  Hatchery  
  57  17:41  Extractor  
  57  17:43  Extractor  
  54  17:46  Lurker x3, Hydralisk x6  
  69  18:01  Zergling x14  
  69  18:02  Zergling x4  
  78  18:40  Drone x2  
  81  18:41  Drone x6  
  81  18:42  Drone x5  
  81  18:44  Queen  
  93  18:58  Lurker x6  
  93  18:59  Hydralisk  
  93  19:00  Hydralisk  
  103  19:18  Zerg Ground Armor Level 1  
  103  19:20  Infestation Pit  
  103  19:21  Overlord x9  
  103  19:22  Overlord  
  102  19:40  Hydralisk  
  102  19:41  Hydralisk x6  
  116  19:58  Pneumatized Carapace, Hive  
  116  20:07  Hydralisk  
  116  20:08  Hydralisk x7  
  116  20:14  Extractor  
  131  20:15  Extractor  
  127  20:37  Hydralisk x9  
  145  21:08  Overlord x4  
  145  21:09  Overlord x2  
  145  21:10  Hydralisk x6  
  152  21:27  Viper x3  
  138  21:49  Hydralisk x10  
  155  21:58  Zergling x4  
  157  22:06  Adaptive Talons  
  154  22:33  Hydralisk x2  
  154  22:34  Hydralisk x4  
  168  22:44  Lurker x2  
  168  23:03  Seismic Spines  
  165  23:25  Lair  
  165  23:42  Hydralisk  
  165  23:43  Hydralisk x5  
  177  24:07  Hatchery  
  140  25:45  Hatchery  
  139  26:05  Hatchery  
  117  26:40  Hatchery  
  116  27:16  Spore Crawler  
  113  27:52  Lair  
  113  27:58  Spine Crawler  
  106  27:59  Spine Crawler  
  38  28:28  Hydralisk x2  
  38  28:29  Hydralisk x2  
  38  28:31  Hydralisk x4  
  52  28:53  Hydralisk  
  52  28:54  Hydralisk  
  56  29:40  Spore Crawler  
  56  29:42  Spore Crawler  
  56  29:45  Roach x3  
Tags
 
Add a new tag
Caveats
  • Supply blocks, unpowered buildings, or Contaminate may cause inaccurate times.
  • Supply counts are checked every 10 seconds.